 Dungeon Crawl Stone Soup version 0.25.1-2-g60ff931df9 (webtiles) character file.

Game seed: 7715325230680446789

10784 DerDa the Tainter (level 11, 0/79 HPs)
             Began as a Formicid Venom Mage on Sept 26, 2020.
             Was an Elder of Sif Muna.
             Slain by a five-headed hydra (3 damage)
             ... on level 11 of the Dungeon.
             The game lasted 00:53:33 (15188 turns).

DerDa the Tainter (Formicid Venom Mage)            Turns: 15188, Time: 00:53:39

Health: 0/79       AC:  5    Str: 16    XL:     11   Next: 99%
Magic:  23/23      EV: 14    Int: 22    God:    Sif Muna [****..]
Gold:   782        SH: 12    Dex: 11    Spells: 13/26 levels left

rFire    + . .     SeeInvis +   V - +2 broad axe (flame)
rCold    + . .     Gourm    .   G - +2 buckler
rNeg     . . .     Faith    .   H - +1 leather armour "Feiclux" {Str+3 Int+4}
rPois    .         Spirit   .   (helmet unavailable)
rElec    .         Reflect  +   K - scarf {rC+ rF+}
rCorr    .         Harm     .   v - +0 pair of gloves
MR       ++...                  (no boots)
Stlth    ++........             e - amulet of reflection
HPRegen  0.23/turn              d - ring of protection from magic
MPRegen  0.18/turn              (no ring)

@: no status effects
A: permanent stasis, dig shafts and tunnels, four strong arms, antennae 3
a: Dig, Shaft Self, Channel Magic, Forget Spell, Divine Exegesis, Renounce
Religion


You were on level 11 of the Dungeon.
You worshipped Sif Muna.
Sif Muna was greatly pleased with you.
You were not hungry.

You visited 2 branches of the dungeon, and saw 12 of its levels.
You also visited: Ossuary.

You collected 782 gold pieces.

Inventory:

Hand Weapons
 j - a +1 vampiric long sword
 m - a +1 falchion of electrocution
 q - a cursed +2 great sword
 A - a +0 shortbow
 V - a +2 broad axe of flaming (weapon)
Missiles
 b - 229 stones
 f - 95 sling bullets
 g - 82 poisoned darts (quivered)
 o - 53 bolts
 y - 233 arrows
Armour
 v - a +0 pair of gloves (worn)
 G - a +2 buckler (worn)
 H - the +1 leather armour "Feiclux" (worn) {Str+3 Int+4}
   (You found it on level 5 of the Dungeon)

   It affects your strength (+3).
   It affects your intelligence (+4).
 K - a scarf of resistance (worn)
 X - a +1 robe of cold resistance
Jewellery
 a - an uncursed ring of ice
 d - a ring of protection from magic (left hand)
 e - an amulet of reflection (around neck)
 R - an uncursed ring of stealth {unknown}
 T - an uncursed ring of ice
Wands
 J - a wand of flame (24)
 N - a wand of random effects (19)
 U - a wand of clouds (2)
 W - a wand of paralysis (12)
Scrolls
 l - 3 scrolls of random uselessness {unknown}
 n - 9 scrolls of remove curse
 s - 2 scrolls of amnesia {unknown}
 t - 12 scrolls of identify {unknown}
 z - 2 scrolls of fear {unknown}
 F - 2 scrolls of magic mapping {unknown}
 I - 2 scrolls of immolation {unknown}
 M - a scroll of enchant weapon {unknown}
 P - a scroll of vulnerability {unknown}
 S - a scroll of silence {unknown}
Potions
 h - a potion of magic
 i - 2 potions of curing
 k - 2 potions of lignification {unknown}
 p - 4 potions of haste {unknown}
 r - 5 potions of degeneration {unknown}
 u - 5 potions of stabbing {unknown}
 w - 2 potions of brilliance {unknown}
 x - a potion of flight {unknown}
 B - 2 potions of mutation {unknown}
 C - 2 potions of resistance
 D - a potion of experience {unknown}
 E - 2 potions of might {unknown}
 L - 3 potions of ambrosia {unknown}
 O - a potion of invisibility
 Q - a potion of heal wounds {unknown}
Comestibles
 c - 18 rations
 Y - 9 chunks of flesh


   Skills:
 + Level 5.0 Fighting
 * Level 6.5 Dodging
 - Level 2.4 Stealth
 * Level 7.7 Shields
 * Level 8.0 Spellcasting
 + Level 4.3 Conjurations
 - Level 5.0 Transmutations
 + Level 4.7 Fire Magic
 + Level 4.2 Air Magic
 * Level 10.8 Poison Magic


You had 13 spell levels left.
You knew the following spells:

 Your Spells              Type           Power        Failure   Level  Hunger
a - Sting                 Tmut/Pois      ####         1%          1    None
b - Mephitic Cloud        Conj/Pois/Air  #####...     1%          3    None
c - Ignite Poison         Fire/Tmut/Pois #####...     1%          3    None
d - Olgreb's Toxic Radia  Pois           ######..     1%          4    ###....
u - Poisonous Vapours     Pois/Air       #####.       1%          2    None

Your spell library contained the following spells:

 Spells                   Type           Power        Failure   Level  Hunger
 Shock                    Conj/Air       ####         1%          1    None
 Static Discharge         Conj/Air       ####....     4%          3    None
 Airstrike                Air            ####......   16%         4    ###....
 Lightning Bolt           Conj/Air       ####......   41%         5    #####..
 Swiftness                Chrm/Air       Unusable     N/A         2    N/A

Dungeon Overview and Level Annotations

Branches:
Dungeon (11/15)            Temple (1/1) D:6            Lair (0/6) D:10
Ossuary (visited)
    Orc: D:9-12

Altars:
Ashenzari
Cheibriados
Dithmenos
Elyvilon
Fedhas
Gozag
Hepliaklqana
Kikubaaqudgha
Makhleb
Nemelex Xobeh
Okawaru
Qazlal
Ru
Sif Muna
Trog
Uskayaw
Vehumet
Wu Jian
Xom
Yredelemnul
Zin
The Shining One

Shops:
D:8 (

Annotations:
D:5 1 runed translucent door
D:11 exclusion: hydra


Innate Abilities, Weirdness & Mutations

You cannot be hasted, slowed, berserked, paralysed or teleported.
You can dig through walls and to a lower floor.
Your four strong arms can wield two-handed weapons with a shield.
You have a pair of large antennae on your head. (SInv)


Message History

You lop one of the six-headed hydra's heads off!
The flame cauterises the wound!
You slash the five-headed hydra! You burn the five-headed hydra.
The five-headed hydra is heavily wounded.
The five-headed hydra is engulfed in blazing flames.
The five-headed hydra completely misses you.
The five-headed hydra bites you but does no damage.
The five-headed hydra bites you!
* * * LOW HITPOINT WARNING * * *
The five-headed hydra closely misses you.
You block the five-headed hydra's attack.
The five-headed hydra is engulfed in blazing flames.
You hit the five-headed hydra but do no damage.
The five-headed hydra is almost dead.
The five-headed hydra bites you but does no damage.
The five-headed hydra bites you!
* * * LOW HITPOINT WARNING * * *
You block the five-headed hydra's attack.
The five-headed hydra bites you.
You die...

###....##....##...<.#.....
##....###.####.....##..#.
##.....##..####......#####
#............##.......# ..
##......#.#...^..##.......
#....#......##..##....#..
##.....#.#...##.###......
#.##............# .....
#.#....@#####..... ...
#....#.D# ##......
#...)..#.§# ........D
#......##§# .........
#.......#☼§{.# ..#......
#.......§§§....####.....
###..........#.#
##.........# # .........


You could see a five-headed hydra.

Vanquished Creatures
  Fannar (D:10)
  Maggie (D:10)
  Psyche (D:8)
  A komodo dragon (D:10)
  3 meliai (D:9)
  A troll (D:6)
  A hornet (D:8)
  Prince Ribbit (D:7)
  A hippogriff (D:9)
  3 wyverns
  6 yaks (D:9)
  A hungry ghost (D:10)
  A steam dragon (D:7)
  Menkaure (D:5)
  2 soldier ants (D:8)
  2 orc warriors
  2 sky beasts
  3 phantoms
  An ice beast (D:7)
  4 ogres
  2 necrophages
  6 centaurs
  2 crocodiles (D:10)
  A big kobold (D:8)
  5 bullfrogs
  7 scorpions
  16 wights
  7 killer bees
  3 howler monkeys
  2 electric eels (D:10)
  2 crimson imps
  7 jellies
  10 orc priests
  11 orc wizards
  3 centaur zombies (Ossuary)
  6 hounds
  A quasit (D:8)
  3 bullfrog skeletons
  A centaur skeleton (D:6)
  2 iguanas
  12 worker ants
  2 big kobold zombies (Ossuary)
  A hound zombie (D:7)
  3 hound skeletons
  2 mummies (Ossuary)
  2 howler monkey zombies
  A worker ant zombie (D:5)
  6 gnolls
  A howler monkey skeleton (D:6)
  11 adders
  3 adder zombies
  4 adder skeletons
  5 worms
  6 dart slugs
  4 leopard geckos
  42 orcs
  2 ball pythons
  9 giant cockroaches
  4 goblins
  7 hobgoblins
  3 jackals (D:9)
  3 quokkas
  4 bats
  6 frilled lizards
  2 goblin zombies (Ossuary)
  11 hobgoblin zombies (Ossuary)
  A jackal skeleton (D:5)
  3 jackal zombies
  9 kobolds
  6 kobold zombies (Ossuary)
  9 orc zombies (Ossuary)
  2 quokka zombies (D:8)
  9 rats
  2 rat zombies (Ossuary)
  2 butterflies (D:5)
333 creatures vanquished.

Vanquished Creatures (others)
  13 plants
13 creatures vanquished.

Grand Total: 346 creatures vanquished

Notes
Turn   | Place    | Note
-------+----------+-------------------------------------------
     0 | D:1      | DerDa the Formicid Venom Mage began the quest for the Orb.
     0 | D:1      | Reached XP level 1. HP: 13/13 MP: 3/3
   112 | D:1      | Reached XP level 2. HP: 13/19 MP: 0/5
   368 | D:1      | Learned a level 2 spell: Poisonous Vapours
   602 | D:1      | Reached XP level 3. HP: 24/24 MP: 2/7
  1298 | D:2      | Learned a level 3 spell: Mephitic Cloud
  1621 | D:2      | Reached skill level 5 in Poison Magic
  1621 | D:2      | Reached XP level 4. HP: 14/30 MP: 3/8
  1653 | D:2      | Reached XP level 5. HP: 21/35 MP: 1/10
  1817 | D:2      | Reached skill level 1 in Air Magic
  1972 | D:2      | Found a sacrificial altar of Ru.
  2951 | D:2      | Learned a level 3 spell: Ignite Poison
  3263 | D:3      | Found a bloodstained altar of Trog.
  3626 | D:4      | Reached XP level 6. HP: 42/42 MP: 2/11
  3807 | D:4      | Reached skill level 1 in Fighting
  3807 | D:4      | Reached skill level 6 in Poison Magic
  4012 | D:4      | You fall into a shaft and drop 3 floors!
  4012 | D:7      | Found a sand-covered staircase.
  4012 | D:7      | Noticed an ogre
  4024 | Ossuary  | Entered an ossuary
  4745 | Ossuary  | HP: 1/43 [mummy (16)]
  5139 | Ossuary  | Reached XP level 7. HP: 11/48 MP: 6/13
  5396 | Ossuary  | Reached skill level 1 in Fire Magic
  5399 | Ossuary  | Reached skill level 1 in Conjurations
  5493 | Ossuary  | HP: 2/48 [centaur zombie (7)]
  6173 | D:7      | Reached XP level 8. HP: 47/56 MP: 7/15
  6350 | D:6      | Found a staircase to the Ecumenical Temple.
  6357 | D:6      | Reached skill level 1 in Shields
  6357 | D:6      | Reached skill level 7 in Poison Magic
  6367 | Temple   | Entered the Ecumenical Temple
  6423 | Temple   | Became a worshipper of Sif Muna the Loreminder
  6677 | D:6      | Noticed a troll
  6858 | D:7      | Reached skill level 5 in Spellcasting
  6986 | D:7      | Noticed Prince Ribbit
  6997 | D:7      | Killed Prince Ribbit
  7002 | D:7      | Learned a level 4 spell: Olgreb's Toxic Radiance
  7149 | D:5      | Entered Level 5 of the Dungeon
  7157 | D:5      | Reached XP level 9. HP: 54/62 MP: 8/16
  7526 | D:5      | Reached * piety under Sif Muna
  8427 | D:5      | Reached skill level 8 in Poison Magic
  8571 | D:5      | Noticed Menkaure
  8574 | D:5      | Killed Menkaure
  8683 | D:5      | Found a runed translucent door.
  8684 | D:5      | Found a runed translucent door.
  8690 | D:5      | Reached ** piety under Sif Muna
  8776 | D:5      | Got a steaming leather armour
  8786 | D:5      | Identified the +1 leather armour "Feiclux" {Str+3 Int+4}
                  | (You found it on level 5 of the Dungeon)
  9141 | D:5      | Found a hazy altar of Hepliaklqana.
  9409 | D:6      | Reached XP level 10. HP: 70/70 MP: 14/19
  9784 | D:6      | Reached skill level 5 in Shields
  9833 | D:6      | Reached skill level 9 in Poison Magic
 10071 | D:6      | Reached skill level 5 in Dodging
 10890 | D:8      | Reached *** piety under Sif Muna
 11396 | D:8      | Noticed Psyche
 11403 | D:8      | Killed Psyche
 11579 | D:8      | Found Xuekkuf's Weapon Shop.
 11704 | D:8      | Reached skill level 5 in Transmutations
 12089 | D:9      | Reached XP level 11. HP: 67/77 MP: 12/21
 12181 | D:9      | Found a blossoming altar of Fedhas.
 12287 | D:9      | Found a shattered altar of Ashenzari.
 12291 | D:9      | Reached skill level 10 in Poison Magic
 12806 | D:9      | Found a faded altar of an unknown god.
 12806 | D:9      | Found a hide-covered altar of Uskayaw.
 12811 | D:9      | Found a glowing silver altar of Zin.
 12813 | D:9      | Found a sparkling altar of Nemelex Xobeh.
 12816 | D:9      | Found an iron altar of Okawaru.
 13078 | D:9      | Reached **** piety under Sif Muna
 13092 | D:9      | Found a burning altar of Makhleb.
 13194 | D:10     | Entered Level 10 of the Dungeon
 13214 | D:10     | Noticed Maggie
 13236 | D:10     | Killed Maggie
 13503 | D:10     | Found a staircase to the Lair.
 13885 | D:10     | Noticed Fannar
 13904 | D:10     | Killed Fannar
 13904 | D:10     | Reached skill level 5 in Fighting
 15152 | D:11     | Noticed a seven-headed hydra
 15180 | D:11     | Noticed a six-headed hydra
 15188 | D:11     | HP: 3/79 [five-headed hydra (10)]
 15188 | D:11     | Slain by a five-headed hydra

Illustrated notes

Levels and vault maps discovered:
D:1:      sevenhm_arrival_forest_fort_small_6, layout_basic, minmay_tall_x
D:2:      layout_basic, lemuel_coloured_pillars_altar, roderic_roman_lattice
D:3:      layout_rooms, first_ration, trog_book
D:4:      minmay_spotlight, layout_basic, minmay_curled_crystal
D:5:      lemuel_insect_pit, layout_loops_ring, basic_altar,
          serial_bayou_pond_c, uniq_menkaure
D:6:      layout_cave_pods, temple_green, grunt_potential
D:7:      layout_rooms, enter_ossuary_1, uniq_prince_ribbit1
D:8:      layout_cave_pools, serial_shops, kennysheep_mini_moat,
          hangedman_pestilent_swarm, uniq_psyche
D:9:      layout_loops_ring, fedhas_bush_and_centaur_altar,
          chequers_temple_overflow_minitemple, makhleb_blood_cavern_becter,
          cheibrodos_ashenzari_chains, nicolae_straight_to_the_point
D:10:     layout_basic, david_lair_shrubbed, nrook_pool_corridor,
          kennysheep_generic_room_15, uniq_maggie, uniq_fannar
D:11:     layout_cave_pools, serial_glass, glass_columns_a, glass_columns_b
Temple:   minmay_temple_curvy_branch

Skill      XL: |  1  2  3  4  5  6  7  8  9 10 11 |
---------------+----------------------------------+-----
Spellcasting   | 3 4 5 6 7 8 |  8.0
Poison Magic   | 5 6 7 8 9 10 | 10.8
Transmutations | 2 3 4 5 |  5.0
Air Magic      | 1 2 3 4 |  4.2
Dodging        | 2 3 4 5 6 |  6.5
Fighting       | 1 2 3 4 5 |  5.0
Fire Magic     | 1 2 3 4 |  4.7
Conjurations   | 1 2 3 4 |  4.3
Shields        | 2 4 6 7 |  7.7
Stealth        | |  2.4

Action                   |  1- 3 |  4- 6 |  7- 9 | 10-12 || total
-------------------------+-------+-------+-------+-------++-------
Melee: Unarmed           |     5 |       |       |       ||     5
       Short sword       |     8 |    27 |       |       ||    35
       Falchion          |       |   190 |   147 |   222 ||   559
       Broad axe         |       |       |       |     2 ||     2
 Cast: Sting             |    31 |    20 |   126 |    68 ||   245
       Poisonous Vapours |    18 |    48 |    31 |    37 ||   134
       Mephitic Cloud    |       |     2 |    12 |    26 ||    40
       Ignite Poison     |       |     2 |     7 |    26 ||    35
       Olgreb's Toxic Ra |       |       |     4 |    29 ||    33
Evoke: Wand              |       |       |       |     1 ||     1
  Use: Potion            |       |       |     3 |     1 ||     4
       Scroll            |       |       |     3 |       ||     3
 Stab: Sleeping          |       |     2 |       |       ||     2
       Confused          |       |       |       |     5 ||     5
  Eat: Chunk             |     3 |    10 |    13 |    15 ||    41
       Ration            |       |     1 |     1 |     2 ||     4
Armor: Robe              |     4 |    39 |    31 |       ||    74
       Leather armour    |       |       |       |    37 ||    37
Dodge: Dodged            |    23 |   142 |   130 |   124 ||   419
Block: Other             |       |       |    36 |       ||    36
       Reflection        |       |       |     2 |     6 ||     8
       Buckler           |       |       |    21 |   170 ||   191
       Rpst.: Falchion   |       |    41 |    42 |    36 ||   119
